 Seeded DCSS version 0.30.1-4-g462c640d31 (webtiles) character file.

Game seed: 6351066067085065685 (custom seed)

14405 Esekla the Thaumaturge (level 11, 0/62 HPs)
             Began as a Deep Elf Necromancer on Aug 28, 2023.
             Was a High Priest of Vehumet.
             Slain by an ogre
             ... wielding a +0 giant club
             ... led by Lodul
              (4 damage)
             ... while petrified by a basilisk
             ... on level 11 of the Dungeon.
             The game lasted 01:23:32 (11961 turns).

Esekla the Thaumaturge (Deep Elf Necromancer)      Turns: 11961, Time: 01:23:33

Health: 0/62       AC:  8    Str:  5    XL:     11   Next: 88%
Magic:  38/38      EV:  2    Int: 25    God:    Vehumet [*****.]
Gold:   99         SH:  0    Dex: 15    Spells: 8/35 levels left

rFire   . . .        c - +4 great sword
rCold   . . .        (shield currently unavailable)
rNeg    + + +        m - +0 troll leather armour
rPois   ∞            O - +1 helmet
rElec   .            F - +0 cloak
rCorr   .            E - +0 pair of gloves
SInv    .            (no boots)
Will    +....        z - amulet of magic regeneration
Stlth   +++          j - ring of magical power
HPRegen 1.10/turn    K - ring of the Mage {Wiz Archmagi}
MPRegen 0.66/turn

%: wizardry (x1), archmagi
@: lethally poisoned (0 -> 0), petrified, studying Fighting
A: no striking features
a: Renounce Religion


You were on level 11 of the Dungeon.
You worshipped Vehumet.
Vehumet was extremely pleased with you.
You visited 2 branches of the dungeon, and saw 12 of its levels.
You also visited: Bailey.

You collected 813 gold pieces.
You spent 714 gold pieces at shops.

Inventory:

Hand Weapons
 a - a +2 vampiric dagger
 c - a +4 great sword (weapon)
 l - a +5 scimitar
 r - a +4 trident of venom
 s - the +5 rapier of the Hero {heavy, rN+ Dex+3}
   (You found it on level 3 of the Dungeon)

   Dex:       It affects your dexterity (+3).
   rN:        It protects you from negative energy.
 v - a +2 rapier of venom
Missiles
 t - 48 poisoned darts
 J - 6 curare-tipped darts
 L - 7 boomerangs (quivered)
Armour
 m - a +0 troll leather armour (worn)
 E - a +0 pair of gloves (worn)
 F - a +0 cloak (worn)
 H - a +0 buckler
 O - a +1 helmet (worn)
 R - +0 steam dragon scales
Magical Staves
 P - a staff of fire
Jewellery
 j - a ring of magical power (left hand)
 z - an amulet of magic regeneration (around neck)
 K - the ring of the Mage (right hand) {Wiz Archmagi}
   (You bought it in a shop on level 2 of the Dungeon)

   [ring of wizardry]

   It improves your spell success rate.
   Archmagi:  It increases the power of your magical spells.
 M - an amulet of reflection
Wands
 u - a wand of mindburst (4)
 C - a wand of flame (11)
 D - a wand of roots (11)
Scrolls
 f - 2 scrolls of poison {unknown}
 k - 4 scrolls of enchant weapon {unknown}
 n - a scroll of enchant armour
 p - 2 scrolls of fog {unknown}
 w - 2 scrolls of silence {unknown}
 x - a scroll of vulnerability {unknown}
 y - a scroll of magic mapping
 B - a scroll of identify
 G - 2 scrolls of teleportation
 I - 3 scrolls of noise {unknown}
 N - 5 scrolls of blinking
 Q - 2 scrolls of acquirement
Potions
 b - a potion of magic
 d - 3 potions of ambrosia {unknown}
 e - 4 potions of haste
 g - 6 potions of attraction {unknown}
 h - 4 potions of curing
 i - a potion of mutation
 o - 3 potions of brilliance {unknown}
 q - a potion of heal wounds
 A - 2 potions of lignification
 S - a potion of cancellation


   Skills:
 * Level 4.4 Fighting
 + Level 3.7(4.2) Short Blades
 + Level 2.7(3.5) Long Blades
 + Level 1.2 Throwing
 * Level 1.0 Armour
 * Level 8.7 Dodging
 + Level 5.6 Stealth
 + Level 1.1 Shields
 * Level 12.8 Spellcasting
 + Level 5.4 Conjurations
 + Level 10.6 Necromancy
 + Level 4.2 Translocations
 * Level 1.7 Transmutations
 * Level 4.6 Fire Magic
 + Level 4.2 Air Magic
 + Level 4.9 Poison Magic
 + Level 0.7 Evocations


You had 8 spell levels left.
You knew the following spells:

 Your Spells              Type           Power      Damage    Failure   Level
a - Necrotise             Necr           100%       1d9       1%          1
b - Iskenderun's Mystic   Conj/Tloc      57%        2d12      1%          4
c - Mephitic Cloud        Conj/Pois/Air  57%        N/A       1%          3
d - Vampiric Draining     Necr           81%        2d11      1%          3
e - Kiss of Death         Conj/Necr      100%       2d13      1%          1
f - Fireball              Conj/Fire      29%        3d13      2%          5
i - Irradiate             Conj/Tmut      25%        3d20      4%          5
t - Teleport Other        Tloc           54%        N/A       1%          3
v - Poisonous Vapours     Pois/Air       100%       N/A       1%          2

Your spell library contained the following spells:

 Spells                   Type           Power      Damage    Failure   Level
 Lesser Beckoning         Tloc           100%       N/A       1%          2
 Gell's Gravitas          Tloc           54%        N/A       1%          3
 Spider Form              Tmut/Pois      49%        N/A       1%          3
 Animate Dead             Necr           81%        N/A       1%          4
 Agony                    Necr           81%        N/A       1%          5
 Cause Fear               Hex            12%        N/A       24%         4
 Summon Mana Viper        Hex/Summ       24%        N/A       52%         5


Dungeon Overview and Level Annotations

Branches:
Dungeon (11/15)            Temple (0/1) D:6             Orc (1/2) D:10
 Bailey (visited)
   Lair: D:8-11

Altars:
Dithmenos
Fedhas
Hepliaklqana
Nemelex Xobeh
Okawaru
Qazlal
Ru
Trog
Uskayaw
Vehumet
Zin
The Shining One

Shops:
D:2 =   D:4 (

Annotations:
D:11 Lodul


Message History

You feel life coursing into your body. The ogre closely misses you.
Casting: Vampiric Draining (safe; 1% risk of failure)
Confirm with . or Enter, or press ? or * to list all spells.
Aiming: Vampiric Draining (safe; 1% risk of failure)
Press: ? - help, Shift-Dir - straight line, f/p - ogre
Aim: an ogre, wielding a +0 giant club (severely wounded, very poisoned)
You feel a surge of power!
You draw life force from the ogre!
You kill the ogre!
Vehumet accepts your kill.
You feel your power returning.
You feel life coursing into your body.
Items here: ))))).
Okay, then.
You start resting.
HP restored.
You start resting.
Magic restored.
There is a stone staircase leading down, spattered with blood here.
You climb downwards.
Level annotation: Lodul The killer bee barely misses you.
The killer bee misses you. The basilisk gazes at you.
You are slowing down.
The orc hits you with a +0 dagger.
The cyclops throws a large rock.
The large rock hits you!!! The killer bee closely misses you.
The ogre hits you with a +0 giant club!!
The orc barely misses you. The ogre barely misses you.
There is a stone staircase leading up, spattered with blood here.
Okay, then.
The killer bee stings you! The killer bee stings you.
You are poisoned.
The killer bee poisons you! The orc hits you but does no damage.
The killer bee stings you but does no damage.
The ogre hits you with a +0 giant club!!
* * * LOW HITPOINT WARNING * * *
The ogre barely misses you.
You have turned to stone.
You stop ascending the stairs.
The killer bee stings you.
* * * LOW HITPOINT WARNING * * *
The orc hits you but does no damage. The ogre hits you with a +0 giant club!
You die...

.. .# ~##
#.# .. ...
#.#####.#
.......###
.......~.
#######oO.5#
...
..C...O@#
#...
....l.yOO..#
##...
.......#####
...# .##C##.
.o.# #. #.
9..# .# #.
...# . #.
g..# #. ...#


You could see Lodul, 2 cyclopes, a basilisk, 3 ogres, a killer bee, a white imp
and an orc.

Vanquished Creatures
  Harold (D:9)
  2 two-headed ogres
  Pikel (D:6)
  3 orc knights
  Joseph (D:7)
  2 cyclopes (D:9)
  A gargoyle (D:10)
  A kobold demonologist (D:9)
  4 trolls
  A centaur simulacrum (D:11)
  8 yaks
  2 steam dragons
  2 wyverns
  Menkaure (D:7)
  2 ice beasts
  A sky beast (D:6)
  12 orc warriors
  2 black bears
  7 ogres
  2 centaurs
  4 wolves
  A phantom (D:7)
  Blork the orc (D:6)
  4 kobold brigands
  3 gnoll sergeants
  2 bullfrogs
  2 scorpions (D:5)
  10 wights
  20 killer bees
  2 howler monkeys (D:10)
  2 quasits (D:8)
  2 gnoll boudas
  6 hounds
  A jelly (D:6)
  Crazy Yiuf (D:7)
  6 orc priests
  A sleepcap (D:5)
  5 iguanas
  9 orc wizards
  28 gnolls
  9 adders
  3 shadow imps (D:8)
  6 white imps
  4 ufetubi
  A worm (D:4)
  3 dart slugs
  53 orcs
  6 ball pythons
  4 endoplasms
  8 goblins
  7 hobgoblins
  A quokka (D:1)
  4 bats
  4 frilled lizards
  21 kobolds
  A rat (D:2)
301 creatures vanquished.

Vanquished Creatures (others)
  An orc (Bailey)
1 creature vanquished.

Grand Total: 302 creatures vanquished

Notes
Turn   | Place    | Note
-------+----------+-------------------------------------------
     0 | D:1      | Esekla the Deep Elf Necromancer began the quest for the
                  | Orb.
     0 | D:1      | Reached XP level 1. HP: 10/10 MP: 6/6
   127 | D:1      | Reached skill level 5 in Necromancy
   267 | D:2      | Found Renulab's Jewellery Shop.
   505 | D:4      | Found a radiant altar of Vehumet.
   516 | D:4      | Found an iron altar of Okawaru.
   582 | D:4      | Found a glowing silver altar of Zin.
   680 | D:4      | Found Ponaysk's Antique Weapon Boutique.
   848 | D:4      | Became a worshipper of Vehumet
   985 | D:3      | Reached XP level 2. HP: 15/15 MP: 8/8
  1258 | D:3      | Found a stormy altar of Qazlal.
  1485 | D:2      | Noticed a black bear
  1538 | D:2      | Reached XP level 3. HP: 14/19 MP: 9/9
  1543 | D:2      | Learned a level 3 spell: Vampiric Draining
  1721 | D:1      | Reached skill level 1 in Short Blades
  1826 | D:1      | Reached * piety under Vehumet
  1826 | D:1      | Offered knowledge of Kiss of Death by Vehumet.
  1829 | D:1      | Learned a level 1 spell: Kiss of Death
  1833 | D:1      | Learned a level 3 spell: Teleport Other
  2053 | D:2      | Reached XP level 4. HP: 21/22 MP: 11/11
  2214 | D:2      | Found a faded altar of an unknown god.
  2266 | D:2      | Killed a black bear
  2267 | D:2      | Reached skill level 4 in Spellcasting
  2267 | D:2      | Reached skill level 1 in Translocations
  2267 | D:2      | Reached XP level 5. HP: 15/28 MP: 2/13
  2635 | D:3      | Identified the +5 rapier of the Hero {heavy, rN+ Dex+3}
  2827 | D:3      | Found a bloodstained altar of Trog.
  2882 | D:3      | Found a hazy altar of Hepliaklqana.
  3019 | D:4      | Found a glowing golden altar of the Shining One.
  3049 | D:4      | Reached XP level 6. HP: 32/32 MP: 9/14
  3794 | D:4      | Offered knowledge of Poisonous Vapours by Vehumet.
  3798 | D:4      | Learned a level 2 spell: Poisonous Vapours
  3916 | D:5      | Entered Level 5 of the Dungeon
  3924 | D:5      | Got the Parchment of the Lumpy Olives
  3941 | D:5      | Found a shadowy altar of Dithmenos.
  4026 | D:5      | Reached skill level 5 in Spellcasting
  4078 | D:5      | Reached ** piety under Vehumet
  4097 | D:5      | Reached XP level 7. HP: 30/36 MP: 9/17
  4595 | D:5      | Reached skill level 1 in Air Magic
  4761 | D:5      | Reached skill level 6 in Spellcasting
  4761 | D:5      | Reached skill level 1 in Poison Magic
  4769 | D:5      | Reached skill level 5 in Dodging
  5022 | D:6      | Noticed Blork the orc
  5055 | D:6      | Killed Blork the orc
  5056 | D:6      | Reached XP level 8. HP: 30/41 MP: 8/20
  5207 | D:7      | Found a runed translucent door.
  5208 | D:7      | Noticed Crazy Yiuf
  5216 | D:7      | Killed Crazy Yiuf
  5288 | D:6      | Noticed Pikel
  5303 | D:6      | Killed Pikel
  5304 | D:6      | Reached skill level 7 in Spellcasting
  5409 | D:6      | Offered knowledge of Mephitic Cloud by Vehumet.
  5414 | D:6      | Learned a level 3 spell: Mephitic Cloud
  5439 | D:6      | Found a staircase to the Ecumenical Temple.
  5540 | D:6      | Reached skill level 8 in Spellcasting
  5710 | D:6      | Found a blossoming altar of Fedhas.
  5889 | D:6      | Reached XP level 9. HP: 27/45 MP: 12/23
  6142 | D:8      | Reached *** piety under Vehumet
  6358 | D:7      | Noticed Menkaure
  6378 | D:7      | Killed Menkaure
  6379 | D:7      | Reached skill level 1 in Conjurations
  6511 | D:7      | Reached skill level 9 in Spellcasting
  6744 | D:7      | Noticed Joseph
  6771 | D:7      | Killed Joseph
  6772 | D:7      | Reached skill level 1 in Shields
  6925 | D:8      | Offered knowledge of Iskenderun's Mystic Blast by Vehumet.
  6938 | D:7      | Learned a level 4 spell: Iskenderun's Mystic Blast
  7539 | D:8      | Noticed a two-headed ogre
  7561 | D:8      | Killed a two-headed ogre
  7562 | D:8      | Reached XP level 10. HP: 25/50 MP: 20/25
  7736 | D:8      | Found a hide-covered altar of Uskayaw.
  7764 | D:8      | Reached **** piety under Vehumet
  7793 | D:8      | Found a transporter.
  7794 | D:8      | Found a transporter.
  7797 | D:8      | Found a transporter.
  7797 | D:8      | Found a transporter.
  8033 | D:8      | Reached skill level 10 in Spellcasting
  8067 | D:8      | Reached skill level 10 in Necromancy
  8073 | D:8      | Reached skill level 1 in Long Blades
  8074 | D:8      | Offered knowledge of Fireball by Vehumet.
  8083 | D:8      | Learned a level 5 spell: Fireball
  8319 | D:9      | Found a flagged portal.
  8338 | Bailey   | Entered a bailey
  8472 | Bailey   | Identified the +2 bardiche of Puhoisos {heavy, rElec
                  | Stlth+}
  8642 | Bailey   | Noticed an orc knight
  8642 | Bailey   | Noticed an orc knight
  8655 | Bailey   | Killed an orc knight
  8656 | Bailey   | Reached skill level 1 in Fire Magic
  8676 | Bailey   | Killed an orc knight
  9080 | D:9      | Noticed a cyclops
  9101 | D:9      | Reached skill level 1 in Fighting
  9256 | D:9      | Noticed a cyclops
  9434 | D:9      | Killed a cyclops
  9435 | D:9      | Reached skill level 11 in Spellcasting
  9523 | D:9      | Killed a cyclops
  9693 | D:9      | Reached skill level 1 in Throwing
  9693 | D:9      | Reached skill level 5 in Stealth
  9693 | D:9      | Reached XP level 11. HP: 60/60 MP: 28/28
  9713 | D:9      | Found a sparkling altar of Nemelex Xobeh.
  9855 | D:9      | Noticed a two-headed ogre
  9886 | D:9      | Killed a two-headed ogre
  9951 | D:9      | Noticed Harold
  9962 | D:9      | Killed Harold
  9962 | D:9      | Reached ***** piety under Vehumet
 10055 | D:10     | Entered Level 10 of the Dungeon
 10193 | D:10     | Offered knowledge of Irradiate by Vehumet.
 10203 | D:10     | Reached skill level 5 in Conjurations
 10212 | D:10     | Reached skill level 12 in Spellcasting
 10236 | D:10     | Learned a level 5 spell: Irradiate
 10303 | D:10     | Found a staircase to the Orcish Mines.
 10316 | Orc:1    | Entered Level 1 of the Orcish Mines
 10317 | Orc:1    | Noticed an orc knight
 10329 | Orc:1    | Killed an orc knight
 10663 | D:2      | Bought the ring of the Mage {Wiz Archmagi} for 714 gold
                  | pieces
 10663 | D:2      | Found the ring of the Mage {Wiz Archmagi}
 11017 | D:11     | Noticed Lodul
 11086 | D:10     | Reached skill level 1 in Transmutations
 11173 | D:10     | Found a sacrificial altar of Ru.
 11327 | D:10     | Reached skill level 1 in Armour
 11961 | D:11     | Slain by an ogre

Illustrated notes

Levels and vault maps discovered:
D:1:      sevenhm_arrival_forest_fort_small_3, layout_rooms,
          chequers_serial_rivers_room_b, minmay_misc_feat_five
D:2:      layout_loops_ring, dreamdust_ecumenical_altar_angels_and_demons,
          serial_shops, shop
D:3:      layout_basic, grunt_temple_overflow_open, minmay_misc_feat_iff
D:4:      layout_basic, nicolae_overflow_quartered_altars, serial_shops,
          nicolae_diamond_shop
D:5:      layout_loops_ring, lemuel_doored_altar, minmay_misc_feat_rows,
          dreamdust_wishing_well
D:6:      layout_loops_cross, fedhas_altar_fruit_tree,
          minmay_temple_entry_glass, uniq_pikel, uniq_blork_the_orc
D:7:      layout_basic, uniq_menkaure, uniq_joseph, uniq_crazy_yiuf_cottage
D:8:      layout_basic, nicolae_uskayaw_dance_hall, serial_demonic,
          serial_demonic_d, serial_demonic_a, serial_demonic_c,
          serial_demonic_c, nicolae_diode_quadrants
D:9:      layout_irregular_city, kennysheep_little_box, enter_bailey_4,
          minmay_between, uniq_harold
D:10:     layout_basic, nicolae_ru_awakened_eye
D:11:     layout_rooms, hellmonk_lair_entry_icy, serial_ice, serial_ice_j,
          serial_ice_m, serial_ice_o, serial_ice_c, serial_ice_g, serial_ice_f,
          guppyfry_shop_earth, uniq_psyche, uniq_lodul
Orc:1:    layout_caves

Skill      XL: |  1  2  3  4  5  6  7  8  9 10 11 |
---------------+----------------------------------+-----
Necromancy     | 5 6 7 8 9 10 | 10.6
Dodging        | 3 4 5 7 8 |  8.7
Short Blades   | 1 2 3 |  3.7
Stealth        | 3 4 5 |  5.6
Spellcasting   | 4 5 6 8 9 11 12 | 12.8
Translocations | 1 2 3 4 |  4.2
Air Magic      | 1 2 3 4 |  4.2
Poison Magic   | 1 2 3 4 |  4.9
Conjurations   | 3 4 5 |  5.4
Shields        | 1 |  1.1
Long Blades    | 1 2 |  2.7
Fire Magic     | 2 4 |  4.6
Fighting       | 3 4 |  4.4
Throwing       | 1 |  1.2
Transmutations | 1 |  1.7
Armour         | 1 |  1.0
Evocations     | |  0.7

Action                     |  1- 3 |  4- 6 |  7- 9 | 10-12 || total
---------------------------+-------+-------+-------+-------++-------
  Melee: Short sword       |   113 |    73 |       |       ||   186
         Unarmed           |     9 |       |       |       ||     9
         Punch             |     2 |     2 |     1 |     1 ||     6
         Dagger            |       |    65 |   141 |    90 ||   296
         Rapier            |       |       |    45 |    19 ||    64
         Great sword       |       |       |    15 |    84 ||    99
         Scimitar          |       |       |       |     5 ||     5
  Throw: Dart              |       |     8 |    18 |     3 ||    29
         Boomerang         |       |       |       |     1 ||     1
   Cast: Vampiric Draining |     3 |    34 |    76 |    76 ||   189
         Poisonous Vapours |       |     5 |     9 |    98 ||   112
         Teleport Other    |       |       |    11 |       ||    11
         Mephitic Cloud    |       |       |     4 |    33 ||    37
         Fireball          |       |       |       |    10 ||    10
         Iskenderun's Myst |       |       |       |     4 ||     4
  Evoke: Wand              |       |       |    10 |     8 ||    18
    Use: Scroll            |     1 |       |     8 |     8 ||    17
         Potion            |       |       |     5 |       ||     5
   Stab: Sleeping          |     2 |     3 |     8 |     6 ||    19
         Confused          |       |       |     1 |    19 ||    20
         Distracted        |       |       |     1 |     1 ||     2
 Armour: Robe              |    36 |    24 |    45 |    25 ||   130
         Steam dragon scal |       |       |       |    45 ||    45
         Troll leather arm |       |       |       |     5 ||     5
  Dodge: Dodged            |    85 |    82 |   191 |   262 ||   620
